 Dungeon Crawl Stone Soup version 0.31-a0-95-g6fa058ef04 (webtiles) character file.

Game seed: 7505341922093060194

163 Pooter the Digger (level 5, -1/41 HPs)
             Began as a Gnoll Wanderer on May 25, 2023.
             Slain by a gnoll sergeant
             ... wielding a +0 trident
              (5 damage)
             ... on level 4 of the Dungeon.
             The game lasted 00:19:55 (3116 turns).

Pooter the Digger (Gnoll Wanderer)                  Turns: 3116, Time: 00:19:55

Health: -1/41      AC:  7    Str: 12    XL:     5   Next: 44%
Magic:  12/18      EV: 10    Int: 16    God:
Gold:   135        SH:  0    Dex:  8    Spells: 3/10 levels left

rFire   . . .        a - +0 morningstar
rCold   . . .        (no shield)
rNeg    + . .        c - +0 ring mail
rPois   .            g - +2 hat
rElec   .            (no cloak)
rCorr   .            (no gloves)
SInv    .            (no boots)
Will    .....        (no amulet)
Stlth   +            j - ring of magical power
HPRegen 0.26/turn    N - ring of positive energy
MPRegen 0.16/turn

%: no passive effects
@: no status effects
A: fangs 1, strong nose, distributed training
a: no special abilities


You were on level 4 of the Dungeon.
You visited 1 branch of the dungeon, and saw 4 of its levels.

You collected 135 gold pieces.

Inventory:

Hand Weapons
 a - a +0 morningstar (weapon)
   (You found it on level 2 of the Dungeon)
 h - a +0 club
 l - a +0 short sword
   (You took it off a kobold on level 1 of the Dungeon)
 n - a +0 mace of holy wrath
   (You found it on level 2 of the Dungeon)
 o - a +0 spear
   (You found it on level 2 of the Dungeon)
 q - a +0 war axe
   (You took it off an orc on level 4 of the Dungeon)
Missiles
 v - 3 poisoned darts
 Q - 39 stones (quivered)
Armour
 c - a +0 ring mail (worn)
 g - a +2 hat (worn)
   (You found it on level 1 of the Dungeon)
Jewellery
 d - a ring of fire
   (You found it on level 1 of the Dungeon)
 j - a ring of magical power (left hand)
   (You found it on level 2 of the Dungeon)
 N - a ring of positive energy (right hand)
   (You found it on level 3 of the Dungeon)
Scrolls
 e - a scroll of identify {unknown}
 i - a scroll of blinking {unknown}
 k - a scroll of fog {unknown}
 m - a scroll of silence {unknown}
 p - a scroll of immolation {unknown}
 t - a scroll of amnesia {unknown}
Potions
 b - a potion of curing {@q1}
 f - 2 potions of haste {unknown}
 r - a potion of ambrosia {unknown}
 s - 2 potions of heal wounds {unknown}
 u - 2 potions of brilliance {unknown}


   Skills:
 + Level 3.0 Fighting
 + Level 1.5 Short Blades
 + Level 1.5 Long Blades
 + Level 1.5 Axes
 + Level 1.5 Maces & Flails
 + Level 1.5 Polearms
 + Level 1.5 Staves
 + Level 1.5 Ranged Weapons
 + Level 1.5 Throwing
 + Level 3.0 Armour
 + Level 1.5 Dodging
 + Level 1.5 Stealth
 + Level 1.5 Shields
 + Level 1.5 Unarmed Combat
 + Level 3.2 Spellcasting
 + Level 1.2 Conjurations
 + Level 1.2 Hexes
 + Level 1.2 Summonings
 + Level 4.0 Necromancy
 + Level 1.2 Translocations
 + Level 1.2 Transmutations
 + Level 1.2 Fire Magic
 + Level 1.2 Ice Magic
 + Level 1.2 Air Magic
 + Level 7.2 Earth Magic
 + Level 1.2 Poison Magic
 + Level 1.7 Invocations
 + Level 3.0 Evocations


You had 3 spell levels left.
You knew the following spells:

 Your Spells              Type           Power      Damage    Failure   Level
a - Sandblast             Erth           50%        2d12      1%          1
b - Necrotise             Necr           60%        1d7       8%          1
c - Passwall              Tmut/Erth      11%        N/A       12%         2
q - Vampiric Draining     Necr           15%        2d7       22%         3

Your spell library contained the following spells:

 Spells                   Type           Power      Damage    Failure   Level
 Stone Arrow              Conj/Erth      28%        3d8       24%         3
 Gell's Gravitas          Tloc           6%         N/A       56%         3
 Teleport Other           Tloc           6%         N/A       56%         3
 Flame Wave               Conj/Fire      5%         2d5       95%         4
 Sticky Flame             Conj/Fire      5%         2d3       95%         4
 Fireball                 Conj/Fire      2%         3d4       100%        5
 Dispersal                Tloc           3%         N/A       100%        6
 Ozocubu's Refrigeration  Ice            3%         4d8       100%        7


Dungeon Overview and Level Annotations

Branches:
Dungeon (4/15)
 Temple: D:4-7

Altars:
Makhleb
Nemelex Xobeh
Okawaru


Innate Abilities, Weirdness & Mutations

You have very sharp teeth.
Your uncanny sense of smell can sniff out nearby items.
Your experience applies equally to all skills.


Message History

Aim: an iguana (85% to hit)
The blast of sand hits the iguana!
The iguana closely misses you. The iguana bites you.
Aim: an iguana (heavily wounded, 85% to hit)
The blast of sand hits the iguana.
The iguana bites you!
You hit the iguana.
You kill the iguana!
Your Fighting skill increases to level 3!
Your Armour skill increases to level 3!
Your Necromancy skill increases to level 4!
Your Evocations skill increases to level 3!
Unknown command.
You see here an iguana corpse.
A gnoll sergeant and 2 gnolls come into view.
The gnoll sergeant is wielding a +0 trident and wearing a +0 scale mail of cold resistance.
A gnoll is wielding a +2 vampiric whip.
Found a helmet.
The gnoll sergeant shouts!
The gnoll shouts!
You hear a shout! x2
A gnoll comes into view. It is wielding a +0 flail.
You aren't carrying any items that you can evoke.
Okay, then.
Aim: a gnoll sergeant, wielding a +0 trident, wearing a +0 scale mail of cold resistance and wearing a +0 kite shield (chance to affect: 72%)
The gnoll sergeant struggles to resist.
The gnoll shouts!
A gnoll comes into view. It is wielding a +0 spear.
The gnoll sergeant hits you from afar with a +0 trident.
Aim: a gnoll sergeant, wielding a +0 trident, wearing a +0 scale mail of cold resistance and wearing a +0 kite shield (chance to affect: 72%)
The gnoll sergeant struggles to resist.
The gnoll sergeant hits you from afar with a +0 trident!
Aim: a gnoll sergeant, wielding a +0 trident, wearing a +0 scale mail of cold resistance and wearing a +0 kite shield (chance to affect: 72%)
The gnoll sergeant writhes in agony.
The gnoll sergeant hits you but does no damage.
Aim: a gnoll sergeant, wielding a +0 trident, wearing a +0 scale mail of cold resistance and wearing a +0 kite shield (lightly wounded, chance to affect: 72%)
The gnoll sergeant writhes in agony.
A gnoll comes into view. It is wielding a +0 club.
The gnoll sergeant hits you from afar with a +0 trident.
Aim: a gnoll sergeant, wielding a +0 trident, wearing a +0 scale mail of cold resistance and wearing a +0 kite shield (lightly wounded, chance to affect: 72%)
The gnoll writhes in agony.
The gnoll sergeant hits you from afar with a +0 trident!
* * * LOW HITPOINT WARNING * * *
The gnoll closely misses you.
Aim: a gnoll sergeant, wielding a +0 trident, wearing a +0 scale mail of cold resistance and wearing a +0 kite shield (lightly wounded, 90% to hit)
The blast of sand hits the gnoll!
You kill the gnoll!
The gnoll sergeant hits you from afar with a +0 trident!
* * * LOW HITPOINT WARNING * * *
Aim: a gnoll sergeant, wielding a +0 trident, wearing a +0 scale mail of cold resistance and wearing a +0 kite shield (lightly wounded, chance to affect: 72%)
The gnoll writhes in agony.
The gnoll closely misses you. The gnoll hits you but does no damage.
The gnoll sergeant hits you from afar with a +0 trident.
You die...

#........#......+.......#
#........#......#.......#
#........###+#####..##+##
∆ #######..†....# ##+#
#.......# ..# #.......#
...#∆ #.......# ....#
#.......#gg...#
#......@gg#
....#######...[. .....
.... ..... ... .... .. .


You could see a gnoll sergeant and 3 gnolls.

Vanquished Creatures
  An iguana (D:4)
  A gnoll (D:4)
  5 adders
  A worm (D:2)
  3 dart slugs (D:2)
  4 orcs (D:4)
  5 ball pythons
  7 bats
  4 endoplasms
  A giant cockroach (D:2)
  6 hobgoblins
  3 jackals (D:1)
  6 kobolds
  7 quokkas
  3 frilled lizards
  3 goblins
  3 rats
63 creatures vanquished.

Vanquished Creatures (collateral kills)
  A jackal (D:1)
  A ball python (D:2)
  A frilled lizard (D:1)
3 creatures vanquished.

Grand Total: 66 creatures vanquished

Notes
Turn   | Place    | Note
-------+----------+-------------------------------------------
     0 | D:1      | Pooter the Gnoll Wanderer began the quest for the Orb.
     0 | D:1      | Pooter set off with the following items: a +0 club, a
                  | potion of curing {@q1}, a +0 ring mail; and the following
                  | spells available to memorise: Sandblast, Necrotise,
                  | Passwall, Vampiric Draining, Stone Arrow.
     0 | D:1      | Reached XP level 1. HP: 17/17 MP: 4/4
     2 | D:1      | Learned a level 1 spell: Sandblast
    25 | D:1      | Learned a level 1 spell: Necrotise
   162 | D:1      | Reached XP level 2. HP: 23/23 MP: 2/5
   563 | D:1      | Reached XP level 3. HP: 28/28 MP: 7/7
   567 | D:1      | Learned a level 3 spell: Vampiric Draining
  1050 | D:2      | Got the Almanac of the Tundra and the Tropics
  1054 | D:2      | Learned a level 2 spell: Passwall
  1072 | D:2      | Reached skill level 1 in Invocations
  1087 | D:2      | Found a burning altar of Makhleb.
  1271 | D:2      | Reached skill level 1 in Short Blades
  1271 | D:2      | Reached skill level 1 in Long Blades
  1271 | D:2      | Reached skill level 1 in Axes
  1271 | D:2      | Reached skill level 1 in Maces & Flails
  1271 | D:2      | Reached skill level 1 in Polearms
  1271 | D:2      | Reached skill level 1 in Staves
  1271 | D:2      | Reached skill level 1 in Ranged Weapons
  1271 | D:2      | Reached skill level 1 in Throwing
  1271 | D:2      | Reached skill level 1 in Dodging
  1271 | D:2      | Reached skill level 1 in Stealth
  1271 | D:2      | Reached skill level 1 in Shields
  1271 | D:2      | Reached skill level 1 in Unarmed Combat
  1380 | D:2      | Reached XP level 4. HP: 34/34 MP: 8/8
  1625 | D:2      | Reached skill level 1 in Conjurations
  1625 | D:2      | Reached skill level 1 in Hexes
  1625 | D:2      | Reached skill level 1 in Summonings
  1625 | D:2      | Reached skill level 1 in Translocations
  1625 | D:2      | Reached skill level 1 in Transmutations
  1625 | D:2      | Reached skill level 1 in Fire Magic
  1625 | D:2      | Reached skill level 1 in Ice Magic
  1625 | D:2      | Reached skill level 1 in Air Magic
  1625 | D:2      | Reached skill level 1 in Poison Magic
  2063 | D:3      | Found an iron altar of Okawaru.
  2337 | D:3      | Found a sparkling altar of Nemelex Xobeh.
  2996 | D:4      | Reached XP level 5. HP: 35/40 MP: 9/9
  3116 | D:4      | Slain by a gnoll sergeant

Illustrated notes

Levels and vault maps discovered:
D:1:      dpeg_arrival_water_temple_mockup, layout_basic, serial_rivers,
          chequers_serial_rivers_small_a, chequers_serial_rivers_marsh,
          chequers_serial_rivers_micro_e, chequers_serial_rivers_large_a,
          minmay_tetromino_i4
D:2:      minmay_general_purpose_star, layout_loops_ring, basic_altar
D:3:      layout_basic, okawaru_metal_pillars_3,
          nemelex_xobeh_ov_fountains_minmay
D:4:      layout_gridville, mainiacjoe_overflow_concentric_impassable

Skill      XL: |  1  2  3  4  5 |
---------------+----------------+-----
Invocations    | 1 |  1.7
Short Blades   | 1 |  1.5
Long Blades    | 1 |  1.5
Axes           | 1 |  1.5
Maces & Flails | 1 |  1.5
Polearms       | 1 |  1.5
Staves         | 1 |  1.5
Ranged Weapons | 1 |  1.5
Throwing       | 1 |  1.5
Dodging        | 1 |  1.5
Stealth        | 1 |  1.5
Shields        | 1 |  1.5
Unarmed Combat | 1 |  1.5
Spellcasting   | 3 |  3.2
Conjurations   | 1 |  1.2
Hexes          | 1 |  1.2
Summonings     | 1 |  1.2
Translocations | 1 |  1.2
Transmutations | 1 |  1.2
Fire Magic     | 1 |  1.2
Ice Magic      | 1 |  1.2
Air Magic      | 1 |  1.2
Poison Magic   | 1 |  1.2
Fighting       | 3 |  3.0
Armour         | 3 |  3.0
Necromancy     | 4 |  4.0
Evocations     | 3 |  3.0
Earth Magic    | |  7.2

Action                     |  1- 3 |  4- 6 || total
---------------------------+-------+-------++-------
  Melee: Club              |    55 |       ||    55
         Bite              |     4 |     7 ||    11
         Short sword       |     9 |       ||     9
         Spear             |     1 |    23 ||    24
         Morningstar       |       |    43 ||    43
         Punch             |       |     2 ||     2
  Throw: Stone             |     4 |       ||     4
         Dart              |       |     5 ||     5
   Cast: Sandblast         |    22 |    17 ||    39
         Necrotise         |    11 |     9 ||    20
         Vampiric Draining |     3 |     1 ||     4
 Armour: Ring mail         |    36 |    39 ||    75
  Dodge: Dodged            |    48 |    51 ||    99

Table legend: (Time is in decaauts)
 A = Elapsed time spent in this place.
 B = Non-inter-level travel time spent in this place.
 C = Inter-level travel time spent in this place.
 D = Time resting spent in this place.
 E = Time spent auto-exploring this place.
 F = Levels seen in this place.
 G = Mean time per level.
                   A        B        C        D        E       F      G
               +--------+--------+--------+--------+--------+-----+--------+
         Total |   3177 |   3073 |    104 |    173 |   2356 |   4 |  794.2 |
       Dungeon |   3177 |   3073 |    104 |    173 |   2356 |   4 |  794.2 |
               +--------+--------+--------+--------+--------+-----+--------+

Top non-repeatable levels by time:
     D:2: 1119 daAuts
     D:1: 957 daAuts
     D:3: 867 daAuts
     D:4: 232 daAuts
